[Event "Titled Tuesday Blitz July 18 Late 2023"]
[White "Novikov, Evgenij"]
[Black "Figorito, Nick"]
[WhiteFideId "4125380"]
[BlackFideId "30923689"]
[WhiteElo "2484"]
[BlackElo "2355"]
[Result "1-0"]
[Round "6"]
[TimeControl "180+2"]
[Date "2023.07.18"]
[WhiteClock "0:00:05"]
[BlackClock "0:00:03"]
[Board "112"]

1. e4 e6 2. Qe2 d5 3. exd5 Qxd5 4. Nc3 Qd8 5. d4 Nf6 6. Nf3 Be7 7. Be3 b6 8. O-O-O Ba6 9. Qd2 Bxf1 10. Rhxf1 Nbd7 11. d5 exd5 12. Nxd5 O-O 13. Rfe1 Bd6 14. Bg5 Re8 15. Rxe8+ Qxe8 16. Re1 Ne4 17. Qd4 f5 18. Nxc7 Bxc7 19. Qc4+ Qf7 20. Qxc7 Qxa2 21. c3 Ndc5 22. Ne5 Nd3+ 23. Nxd3 Qa1+ 24. Kc2 Qa4+ 25. Kb1 Qa6 26. Ne5 Rc8 27. Qf7+ Kh8 28. Qxf5 Nxc3+ 29. bxc3 Qb5+ 30. Kc2 Qa4+ 31. Kd2 Qa2+ 32. Ke3 Re8 33. Kf3 Qb3 34. Nf7+ 1-0


[Site "https://www.chess.com"]

[Event "Titled Tuesday Blitz July 18 Late 2023"]
[White "K2JW"]
[Black "Rodriguez Fontecha, Marcos"]
[BlackFideId "2256576"]
[WhiteElo "2351"]
[BlackElo "2480"]
[Result "0-1"]
[Round "6"]
[TimeControl "180+2"]
[Date "2023.07.18"]
[WhiteClock "0:00:04"]
[BlackClock "0:00:05"]
[Board "113"]

1. e4 e6 2. Nf3 d5 3. Nc3 Nf6 4. e5 Nfd7 5. d4 c5 6. dxc5 Bxc5 7. Bd3 a6 8. O-O Nc6 9. Bf4 b5 10. a3 h6 11. h3 O-O 12. Re1 f5 13. exf6 Qxf6 14. Bg3 Bb7 15. Qe2 Rae8 16. Nh2 Nd4 17. Qd2 h5 18. b4 Bb6 19. Ne2 h4 20. Ng4 Qe7 21. Be5 Nxe5 22. Nxe5 Rxf2 23. Kh1 Qc7 24. Ng4 Rff8 25. Nxd4 Bxd4 26. Rad1 e5 27. Qg5 e4 28. Bf1 Bf6 29. Nxf6+ Rxf6 30. Qh5 Qf7 31. Qxh4 Rf8 32. Qg3 d4 33. Kh2 e3 34. Bd3 Rf2 35. Qh4 Rxg2+ 36. Kh1 Rg4+ 37. Kh2 Rxh4 38. Rf1 Rf4 39. Rxf4 Qxf4+ 40. Kg1 Qf2# 0-1


[Site "https://www.chess.com"]

[Event "Titled Tuesday Blitz July 18 Late 2023"]
[White "Petukhov, Dmitry"]
[Black "Adireddy Arjun"]
[WhiteFideId "4142748"]
[BlackFideId "25647709"]
[WhiteElo "2478"]
[BlackElo "2351"]
[Result "0-1"]
[Round "6"]
[TimeControl "180+2"]
[Date "2023.07.18"]
[WhiteClock "0:00:33"]
[BlackClock "0:00:05"]
[Board "114"]

1. e4 c6 2. d4 d5 3. Nd2 dxe4 4. Nxe4 Nf6 5. Nxf6+ exf6 6. c3 Bd6 7. Bd3 O-O 8. Qh5 g6 9. Qh4 Re8+ 10. Ne2 f5 11. Bg5 Be7 12. Bxe7 Qxe7 13. Qxe7 Rxe7 14. Kd2 Nd7 15. Rhe1 Nf6 16. f3 Bd7 17. Nf4 Rae8 18. Rxe7 Rxe7 19. Re1 Rxe1 20. Kxe1 Kf8 21. b4 Ke7 22. Kd2 Kd6 23. c4 Be6 24. Kc3 h5 25. h4 b6 26. a3 Kc7 27. c5 b5 28. Bc2 Nd5+ 29. Nxd5+ Bxd5 30. Kd2 f4 31. Be4 Be6 32. Ke1 Kd7 33. Kf2 Bd5 34. g3 fxg3+ 35. Kxg3 Ke6 36. Kf4 Bxe4 37. Kxe4 f6 38. d5+ cxd5+ 39. Kd4 g5 40. f4 gxh4 41. f5+ Kd7 42. Ke3 h3 43. Kf3 d4 44. Kg3 d3 45. Kxh3 d2 46. Kg3 d1=Q 47. Kf4 Qg4+ 0-1


[Site "https://www.chess.com"]

[Event "Titled Tuesday Blitz July 18 Late 2023"]
[White "Avalos Parra, Joao"]
[Black "Sos Andreu, Eric"]
[WhiteFideId "3402541"]
[BlackFideId "22247017"]
[WhiteElo "2349"]
[BlackElo "2471"]
[Result "0-1"]
[Round "6"]
[TimeControl "180+2"]
[Date "2023.07.18"]
[WhiteClock "0:00:00"]
[BlackClock "0:01:32"]
[Board "115"]

1. d4 Nf6 2. c4 e6 3. Nf3 b6 4. a3 Bb7 5. Nc3 Be7 6. Qc2 d5 7. cxd5 Nxd5 8. e4 Nxc3 9. bxc3 O-O 10. Bd3 c5 11. O-O Nc6 12. Bb2 Rc8 13. Qe2 Qc7 14. Rac1 Rfd8 15. Rfd1 Na5 16. h3 h6 17. Ne5 Bf6 18. Ng4 Be7 19. Rb1 cxd4 20. cxd4 Nb3 21. Qe3 Bg5 22. Qf3 Nxd4 23. Bxd4 Rxd4 24. h4 Bxh4 25. Rbc1 Qd8 26. Rxc8 Bxc8 27. Be2 Bb7 28. Rxd4 Qxd4 29. g3 Be7 30. Qf4 Qxe4 0-1


[Site "https://www.chess.com"]

[Event "Titled Tuesday Blitz July 18 Late 2023"]
[White "AndresDelgado77"]
[Black "Toniutti, Ezio"]
[BlackFideId "113034"]
[WhiteElo "2346"]
[BlackElo "2467"]
[Result "0-1"]
[Round "6"]
[TimeControl "180+2"]
[Date "2023.07.18"]
[WhiteClock "0:00:00"]
[BlackClock "0:00:17"]
[Board "116"]

1. e4 e5 2. Nc3 Nf6 3. d4 exd4 4. Qxd4 Nc6 5. Qc4 Bb4 6. Bd2 d6 7. O-O-O Be6 8. Qe2 O-O 9. f3 Re8 10. g4 d5 11. g5 Nd7 12. exd5 Bxd5 13. Qf2 Be6 14. Qh4 Qe7 15. Nge2 Nde5 16. Bg2 Qc5 17. Ne4 Nd3+ 18. Kb1 Bxa2+ 19. Kxa2 Qa5+ 20. Kb1 Nxb2 21. Kxb2 Rad8 22. Bc3 Qb5 23. Nd4 Bxc3+ 24. Kxc3 Qb4+ 25. Kd3 Rxd4+ 26. Ke3 Qa3+ 27. Rd3 Rxd3+ 28. cxd3 Qb2 0-1


[Site "https://www.chess.com"]

[Event "Titled Tuesday Blitz July 18 Late 2023"]
[White "Arnold, Ken"]
[Black "Rama, Tejas"]
[WhiteFideId "2056836"]
[BlackFideId "30907381"]
[WhiteElo "2422"]
[BlackElo "2463"]
[Result "1-0"]
[Round "6"]
[TimeControl "180+2"]
[Date "2023.07.18"]
[WhiteClock "0:00:12"]
[BlackClock "0:00:06"]
[Board "117"]

1. e4 c5 2. Nf3 d6 3. d4 cxd4 4. Qxd4 Nf6 5. e5 Nc6 6. Bb5 Qa5+ 7. Nc3 Qxb5 8. Nxb5 Nxd4 9. Nbxd4 dxe5 10. Nxe5 g6 11. b3 Bg7 12. Bb2 O-O 13. O-O-O a6 14. f3 b5 15. Ndc6 Re8 16. Rhe1 Be6 17. Kb1 Nd5 18. Nd4 Nc7 19. Nxe6 Nxe6 20. g3 Rad8 21. Rxd8 Rxd8 22. Nc6 Rd7 23. Bxg7 Kxg7 24. f4 Rd2 25. Nxe7 Rxh2 26. f5 Nd4 27. fxg6 fxg6 28. c3 Nf3 29. Re3 Rf2 30. Nd5 h5 31. c4 bxc4 32. bxc4 Nd2+ 33. Kc1 Nxc4 34. Re7+ Kh6 35. Re6 Rxa2 36. Nf4 Kg5 37. Rxg6+ Kf5 38. Rc6 Ne5 39. Rc5 h4 40. Nd3 hxg3 41. Rxe5+ Kg4 42. Re8 g2 43. Rg8+ Kf3 44. Ne1+ Ke4 45. Nxg2 Ra1+ 46. Kb2 Rg1 47. Re8+ Kd5 48. Ne3+ Kc5 49. Nc2 Rg3 50. Rb8 Rg4 51. Ka3 Rg3+ 52. Ka4 Rg4+ 53. Nb4 Rg6 54. Ka5 Kc4 55. Nxa6 Rg5+ 56. Ka4 Rg4 57. Rb4+ 1-0


[Site "https://www.chess.com"]

[Event "Titled Tuesday Blitz July 18 Late 2023"]
[White "Horcajuelo Rocamora, Martin"]
[Black "Prydun, Andriy"]
[WhiteFideId "24573027"]
[BlackFideId "14145898"]
[WhiteElo "2456"]
[BlackElo "2341"]
[Result "1-0"]
[Round "6"]
[TimeControl "180+2"]
[Date "2023.07.18"]
[WhiteClock "0:00:21"]
[BlackClock "0:00:00"]
[Board "118"]

1. e3 g6 2. d4 Bg7 3. Nf3 Nf6 4. Bd3 O-O 5. O-O d6 6. b3 b6 7. Nbd2 Bb7 8. Bb2 Nbd7 9. Qe2 a5 10. c4 Re8 11. Rfd1 e5 12. dxe5 dxe5 13. Bc2 Qe7 14. Rab1 a4 15. e4 axb3 16. axb3 Ra2 17. Bd3 Nh5 18. g3 Nc5 19. Qe3 Qf8 20. g4 Bh6 21. g5 Bg7 22. Bf1 h6 23. h4 Nf4 24. b4 Na4 25. Qb3 Rxb2 26. Rxb2 Nxb2 27. Qxb2 hxg5 28. hxg5 Rd8 29. Ra1 Qe8 30. Ra7 Rb8 31. Qc3 Qe6 32. Nh2 Bf8 33. f3 Qd6 34. Ng4 Qxb4 35. Qxb4 Bxb4 36. Nb3 Ne6 37. Nxe5 Nxg5 38. Nd7 Rd8 39. Nf6+ Kg7 40. Rxb7 Kxf6 41. Rxc7 Nxf3+ 42. Kf2 Ne5 43. Ke3 g5 44. Be2 g4 45. Kf4 Bd6 46. Rb7 Rg8 47. Rxb6 Nxc4+ 48. Rxd6+ Nxd6 49. e5+ Ke6 50. exd6 g3 51. Nd4+ Kd7 52. Nf3 g2 53. Ng1 Kxd6 54. Kf3 Ke5 55. Kf2 Kf4 56. Bf3 Rg3 57. Ne2+ Kg5 58. Nxg3 Kf4 59. Ne2+ Kg5 60. Kxg2 Kf5 61. Kg3 Kg5 62. Nd4 1-0


[Site "https://www.chess.com"]

[Event "Titled Tuesday Blitz July 18 Late 2023"]
[White "Michalczak, Thomas"]
[Black "Spichkin, Alexander"]
[WhiteFideId "4622634"]
[BlackFideId "4144074"]
[WhiteElo "2454"]
[BlackElo "2304"]
[Result "1-0"]
[Round "6"]
[TimeControl "180+2"]
[Date "2023.07.18"]
[WhiteClock "0:00:14"]
[BlackClock "0:01:20"]
[Board "119"]

1. e4 e5 2. Nf3 d5 3. exd5 e4 4. Qe2 Nf6 5. d3 Bb4+ 6. Nc3 O-O 7. dxe4 Nxe4 8. Qxe4 Re8 9. Ne5 Bxc3+ 10. bxc3 f6 11. Be3 Nd7 12. Bd3 Nxe5 13. Qxh7+ Kf8 14. c4 Nxd3+ 15. cxd3 Qd6 16. O-O Qe5 17. Rae1 Bf5 18. Bc5+ Kf7 19. Qh5+ Bg6 20. Rxe5 Bxh5 21. Rxh5 Re2 22. a3 b6 23. Be3 a5 24. d6 cxd6 25. Rb5 Ra2 26. Rxb6 Ke7 27. Rb3 a4 28. Rc3 Rb8 29. Rfc1 Rb3 30. g3 Raxa3 31. Rxb3 axb3 32. Rb1 Ke6 33. d4 Kf5 34. Bc1 Ra2 35. Rxb3 Rc2 36. Be3 Rxc4 37. Rb7 g5 38. Kg2 Ke6 39. h3 f5 40. Bxg5 Rxd4 41. Be3 Ra4 42. Bg5 d5 43. Rb6+ Ke5 44. Kf3 d4 45. Bf6+ Kd5 46. Be7 Rc4 47. Rd6+ Ke5 48. Rd8 Rc3+ 49. Ke2 Ke4 50. f3+ Ke5 51. Bd6+ Ke6 52. Bf4 Rc2+ 53. Kd3 Rc3+ 54. Kxd4 Rxf3 55. Rd6+ Kf7 56. Ke5 Ra3 57. Kxf5 Ra5+ 58. Be5 Ra7 59. Rc6 Kg8 60. Rc7 Ra6 61. Bf6 Ra3 62. Be5 Ra6 63. h4 Rb6 64. g4 Rb3 65. h5 Rh3 66. Bf6 Rf3+ 67. Kg6 1-0


[Site "https://www.chess.com"]

[Event "Titled Tuesday Blitz July 18 Late 2023"]
[White "Fernandez Siles, Luis"]
[Black "WindWhistler11"]
[WhiteFideId "2209420"]
[WhiteElo "2311"]
[BlackElo "2451"]
[Result "0-1"]
[Round "6"]
[TimeControl "180+2"]
[Date "2023.07.18"]
[WhiteClock "0:00:00"]
[BlackClock "0:00:44"]
[Board "120"]

1. e4 e6 2. d4 d5 3. Nc3 Bb4 4. e5 Ne7 5. Bd2 Nbc6 6. Nf3 Nf5 7. a3 Ba5 8. Na4 Bb6 9. c3 f6 10. Bd3 fxe5 11. dxe5 O-O 12. O-O Bd7 13. Re1 Qe8 14. Nxb6 axb6 15. c4 Nce7 16. Rc1 Bc6 17. Bb4 Rf7 18. Bxe7 Qxe7 19. Bxf5 Rxf5 20. Nd4 Rg5 21. f4 Rg6 22. f5 exf5 23. cxd5 Bxd5 24. Nf3 c6 25. Qe2 Ra4 26. Qf2 Rf4 27. Re3 h5 28. Rce1 Rfg4 29. g3 h4 0-1


[Site "https://www.chess.com"]

[Event "Titled Tuesday Blitz July 18 Late 2023"]
[White "Reprintsev, Alexander"]
[Black "BrandonJiang123456"]
[WhiteFideId "14100541"]
[WhiteElo "2445"]
[BlackElo "2281"]
[Result "1-0"]
[Round "6"]
[TimeControl "180+2"]
[Date "2023.07.18"]
[WhiteClock "0:00:17"]
[BlackClock "0:00:02"]
[Board "121"]

1. e4 c5 2. b3 Nc6 3. Bb2 e5 4. f4 exf4 5. Qf3 Qh4+ 6. g3 fxg3 7. hxg3 Qe7 8. Bc4 d6 9. Ne2 Be6 10. Na3 a6 11. O-O-O Nf6 12. Bxf6 Qxf6 13. Qxf6 gxf6 14. Rdf1 Be7 15. Nf4 Kd7 16. Nd5 Bxd5 17. Bxd5 Rab8 18. Bxf7 Ne5 19. Bd5 b5 20. c3 Rbf8 21. d4 cxd4 22. cxd4 Nc6 23. Nc2 Rc8 24. Kd2 Bd8 25. Rh6 Ne7 26. Ne3 Ng6 27. Bf7 Ba5+ 28. Ke2 Bc3 29. d5 Bd4 30. Be6+ Ke7 31. Bxc8 Rxc8 32. Rxh7+ Kf8 33. Nf5 Rc2+ 34. Kd1 Rxa2 35. Nxd4 Ra1+ 36. Ke2 Ra2+ 37. Ke3 Kg8 38. Ra7 Ne5 39. Ra8+ Kf7 40. Rf4 Ra1 41. Ra7+ Kg6 42. Ne6 Re1+ 43. Kd2 Ra1 44. Rg7+ Kh6 45. Rh4# 1-0


[Site "https://www.chess.com"]

[Event "Titled Tuesday Blitz July 18 Late 2023"]
[White "Schut, Han"]
[Black "Deviprasath, Sharvesh"]
[WhiteFideId "1005561"]
[BlackFideId "30938228"]
[WhiteElo "2281"]
[BlackElo "2443"]
[Result "0-1"]
[Round "6"]
[TimeControl "180+2"]
[Date "2023.07.18"]
[WhiteClock "0:00:18"]
[BlackClock "0:01:02"]
[Board "122"]

1. e4 c5 2. Nf3 Nc6 3. d4 cxd4 4. Nxd4 Nf6 5. Nc3 e5 6. Ndb5 d6 7. Nd5 Nxd5 8. exd5 Nb8 9. Qf3 a6 10. Qa3 Be7 11. Bg5 f6 12. Bd2 O-O 13. Bb4 axb5 14. Qxa8 Na6 15. Bd2 Qb6 16. Be3 Qa5+ 17. c3 b4 18. Bxa6 bxc3 19. O-O cxb2 20. Rab1 bxa6 21. Rxb2 f5 22. f3 Qa3 23. Rb3 Qxa2 24. Rb8 Bd7 25. Rxf8+ Bxf8 26. Rc1 Qa3 27. Bd2 Qd3 28. Bg5 h6 29. Be7 Qe3+ 30. Kf1 Qxc1+ 31. Ke2 Qc8 0-1


[Site "https://www.chess.com"]

[Event "Titled Tuesday Blitz July 18 Late 2023"]
[White "Bartel, Marta"]
[Black "Pein, Jonathan"]
[WhiteFideId "1123009"]
[BlackFideId "417092"]
[WhiteElo "2281"]
[BlackElo "2443"]
[Result "0-1"]
[Round "6"]
[TimeControl "180+2"]
[Date "2023.07.18"]
[WhiteClock "0:00:58"]
[BlackClock "0:01:13"]
[Board "123"]

1. d4 d6 2. Nf3 Nc6 3. Bg5 Nf6 4. e3 g6 5. Be2 Bg7 6. O-O O-O 7. c4 h6 8. Bh4 Ne4 9. Nfd2 Nxd2 10. Qxd2 Qe8 11. Nc3 e5 12. dxe5 Nxe5 13. Nd5 Qd7 14. Nf6+ Bxf6 15. Bxf6 Qe6 16. Bh4 Nxc4 17. Qc3 d5 18. b3 Qe5 19. Rac1 Qxc3 20. Rxc3 Nd2 21. Rd1 Ne4 22. Rxc7 Be6 23. f3 Nd6 24. Be7 Nf5 25. Bxf8 Rxf8 26. Kf2 Re8 27. Kg1 Nxe3 28. Kf2 Nxd1+ 0-1


[Site "https://www.chess.com"]

[Event "Titled Tuesday Blitz July 18 Late 2023"]
[White "Broca Jimenez, Fernando"]
[Black "Rietze, Clemens, Dr."]
[WhiteFideId "5104742"]
[BlackFideId "24620351"]
[WhiteElo "2274"]
[BlackElo "2441"]
[Result "0-1"]
[Round "6"]
[TimeControl "180+2"]
[Date "2023.07.18"]
[WhiteClock "0:00:09"]
[BlackClock "0:00:19"]
[Board "124"]

1. e4 c5 2. c3 Nf6 3. e5 Nd5 4. d4 cxd4 5. Nf3 e6 6. Bc4 Nc6 7. O-O d6 8. exd6 Qxd6 9. Nxd4 a6 10. Nd2 Be7 11. Ne4 Qc7 12. Nxc6 bxc6 13. Bg5 f6 14. Bh4 O-O 15. Bg3 Qd8 16. Bb3 f5 17. c4 fxe4 18. cxd5 exd5 19. Rc1 Bd7 20. Qd2 Bg5 21. Bxd5+ Kh8 22. Qc3 cxd5 23. Rcd1 Be6 24. Qe5 Qf6 25. Qd6 Rfd8 26. Qb6 Bf7 27. Qb4 Qe7 28. Qa4 Bf6 29. b3 d4 30. Rfe1 Bg6 31. Bf4 Qd7 32. Qa5 Qd5 33. Qd2 Rac8 34. Qe2 Qb5 35. Qg4 Bf5 36. Qh5 Bg6 37. Qh3 Qf5 38. Qxf5 Bxf5 39. g3 Rc2 40. Rd2 Rdc8 41. Ree2 d3 42. Rxc2 Rxc2 43. Re1 Rxa2 44. Rd1 h6 45. h4 Kh7 46. h5 Bg5 47. Be5 d2 48. Kf1 Rc2 49. Ke2 Bg4+ 50. f3 Bxf3+ 51. Kf2 Bxd1 0-1


[Site "https://www.chess.com"]

[Event "Titled Tuesday Blitz July 18 Late 2023"]
[White "Castella Garcia, Fausto"]
[Black "Kostiukov, Alexandr"]
[WhiteFideId "3501922"]
[BlackFideId "14108100"]
[WhiteElo "2434"]
[BlackElo "2349"]
[Result "0-1"]
[Round "6"]
[TimeControl "180+2"]
[Date "2023.07.18"]
[WhiteClock "0:00:35"]
[BlackClock "0:01:14"]
[Board "125"]

1. e4 c5 2. Nf3 g6 3. Bc4 Bg7 4. O-O Nc6 5. c3 e6 6. d4 cxd4 7. cxd4 d5 8. exd5 exd5 9. Bb5 Ne7 10. Bg5 O-O 11. Bxc6 bxc6 12. Nbd2 h6 13. Bh4 g5 14. Bg3 Nf5 15. Nb3 a5 16. Nc5 Qb6 17. Rc1 Qxb2 18. Rc2 Qb4 19. Nd3 Qa4 20. Nde5 g4 21. Nxg4 Nxg3 22. Nxh6+ Bxh6 23. fxg3 Bf5 0-1


[Site "https://www.chess.com"]

[Event "Titled Tuesday Blitz July 18 Late 2023"]
[White "JonSnowNW1"]
[Black "disciplinedbrat"]
[WhiteElo "2431"]
[BlackElo "2237"]
[Result "0-1"]
[Round "6"]
[TimeControl "180+2"]
[Date "2023.07.18"]
[WhiteClock "0:00:00"]
[BlackClock "0:00:14"]
[Board "126"]

1. c4 c6 2. e4 d6 3. Nc3 g6 4. g3 Bg7 5. Nge2 Nf6 6. Bg2 O-O 7. O-O e5 8. d3 Nbd7 9. f4 Nc5 10. h3 a5 11. Be3 Ne6 12. f5 Nc7 13. g4 d5 14. g5 d4 15. gxf6 Qxf6 16. Nxd4 exd4 17. e5 Qxe5 18. Bf4 Qe7 19. Ne4 Ne8 20. f6 Bxf6 21. Nxf6+ Qxf6 22. Bh6 Qh4 23. Bxf8 Kxf8 24. Qf3 Be6 25. Rae1 Nd6 26. Rxe6 Nf5 27. Re4 Qh6 28. Qf4 Qg7 29. Rfe1 h5 30. Qe5 Qh6 31. Qf6 Ne3 32. Re7 Qg7 33. Qxg7+ Kxg7 34. Rxb7 Re8 35. Re2 Re5 36. Rf2 Nf5 37. Be4 Kf6 38. Bxf5 gxf5 39. Rc7 c5 40. Kf1 Kg5 41. Re2 Re3 42. Rxe3 dxe3 43. Ke2 f4 44. Rxf7 h4 45. d4 cxd4 46. c5 d3+ 47. Kxd3 Kg6 48. Rxf4 Kg5 49. Re4 Kf5 50. Rxe3 Kf4 0-1


[Site "https://www.chess.com"]

[Event "Titled Tuesday Blitz July 18 Late 2023"]
[White "Kovacsy, Barnabas"]
[Black "Novikova, Margarita"]
[WhiteFideId "769290"]
[BlackFideId "14109689"]
[WhiteElo "2429"]
[BlackElo "2205"]
[Result "1-0"]
[Round "6"]
[TimeControl "180+2"]
[Date "2023.07.18"]
[WhiteClock "0:00:02"]
[BlackClock "0:00:00"]
[Board "127"]

1. e4 d5 2. exd5 Qxd5 3. Nc3 Qd6 4. d4 Nf6 5. Nf3 Bg4 6. Be2 c6 7. O-O e6 8. Be3 Nbd7 9. h3 Bh5 10. Qd3 Bg6 11. Qd2 e5 12. dxe5 Nxe5 13. Nxe5 Qxe5 14. Bf4 Qa5 15. Rfe1 Be7 16. Bc4 Kf8 17. Bd6 Bxd6 18. Qxd6+ Kg8 19. Rad1 h6 20. Re7 Qb6 21. Qg3 Qc5 22. Bxf7+ Bxf7 23. Rxb7 Qg5 24. Qc7 Bd5 25. Nxd5 cxd5 26. Qf7+ Kh7 27. Rxa7 Rxa7 28. Qxa7 Re8 29. Qd4 Qg6 30. Qd3 Re4 31. f3 Rb4 32. Qxg6+ Kxg6 33. b3 Rb7 34. Kf2 Rc7 35. Rd2 Rc3 36. a4 Kf5 37. a5 Ke6 38. Re2+ Kd6 39. Ke1 Nd7 40. Kd2 Rc8 41. b4 Ne5 42. c3 Nc4+ 43. Kc2 Ra8 44. Kb3 Rb8 45. Kc2 Ra8 46. Kb3 Rb8 47. Ka4 Ra8 48. Re1 Nb2+ 49. Kb3 Nc4 50. f4 Kc6 51. f5 1-0


[Site "https://www.chess.com"]

[Event "Titled Tuesday Blitz July 18 Late 2023"]
[White "Rios Escobar, Adan"]
[Black "Francisco_Ferrari"]
[WhiteFideId "3403645"]
[WhiteElo "2426"]
[BlackElo "2191"]
[Result "1-0"]
[Round "6"]
[TimeControl "180+2"]
[Date "2023.07.18"]
[WhiteClock "0:02:39"]
[BlackClock "0:01:00"]
[Board "128"]

1. d4 Nf6 2. g3 d5 3. Bg2 e6 4. Nf3 Be7 5. O-O O-O 6. c4 dxc4 7. Qc2 a6 8. a4 Bd7 9. Rd1 Bc6 10. Nc3 a5 11. e4 Na6 12. Ne5 Nb4 13. Qe2 Nd7 14. Nxc4 b6 15. Bf4 Qc8 16. d5 exd5 17. exd5 1-0


[Site "https://www.chess.com"]

[Event "Titled Tuesday Blitz July 18 Late 2023"]
[White "Kalaiyalahan, Akshaya"]
[Black "Ai, Evan"]
[WhiteFideId "422894"]
[BlackFideId "2094770"]
[WhiteElo "2245"]
[BlackElo "2422"]
[Result "0-1"]
[Round "6"]
[TimeControl "180+2"]
[Date "2023.07.18"]
[WhiteClock "0:00:00"]
[BlackClock "0:00:10"]
[Board "129"]

1. Nf3 Nf6 2. g3 e6 3. Bg2 d5 4. O-O c5 5. d4 Nc6 6. c4 dxc4 7. Qa4 cxd4 8. Nxd4 Bd7 9. Qxc4 Nxd4 10. Qxd4 Qc7 11. Bf4 Qb6 12. Qxb6 axb6 13. Bxb7 Ra7 14. Bf3 Bc5 15. Nc3 O-O 16. Rfd1 b5 17. a3 h6 18. Rac1 Rc8 19. Bd6 Bb6 20. Bb4 Rac7 21. h4 Bc6 22. Bd6 Rb7 23. Nxb5 Nd5 24. Nd4 Bxd4 25. Rxd4 Rxb2 26. Rdc4 Rb6 27. a4 Ra6 28. e4 Nf6 29. e5 Nd5 30. a5 f6 31. exf6 gxf6 32. Rc5 Kf7 33. Bxd5 exd5 34. Rxd5 Bxd5 35. Rxc8 Rxd6 36. Rc7+ Ke6 37. Ra7 Rc6 38. a6 Rc1+ 0-1


[Site "https://www.chess.com"]

[Event "Titled Tuesday Blitz July 18 Late 2023"]
[White "ChessSG1"]
[Black "Curtis, John"]
[BlackFideId "3200256"]
[WhiteElo "2270"]
[BlackElo "2060"]
[Result "1-0"]
[Round "6"]
[TimeControl "180+2"]
[Date "2023.07.18"]
[WhiteClock "0:00:16"]
[BlackClock "0:00:11"]
[Board "130"]

1. d4 Nf6 2. c4 e6 3. g3 d5 4. Nf3 a6 5. Bg2 dxc4 6. O-O b5 7. Ne5 Nd5 8. a4 c6 9. e4 Nb4 10. axb5 cxb5 11. d5 exd5 12. exd5 Bd6 13. Nc6 N8xc6 14. dxc6 Ra7 15. Re1+ Re7 16. Nc3 O-O 17. Rxe7 Qxe7 18. Be3 Be5 19. Ne4 Rd8 20. Qe2 Nxc6 21. Bc5 Qc7 22. Ng5 Bf6 23. Re1 Bd7 24. Ne4 Be5 25. Qe3 h6 26. Bb6 Qc8 27. Bxd8 Qxd8 28. Nc5 Bd4 29. Qd2 Bxc5 30. Bxc6 Qf8 31. Bxd7 Qe7 32. Rxe7 Bxe7 33. Bg4 g6 34. Qd7 Bf6 35. Qc6 Bxb2 36. Qxa6 c3 37. Bd1 b4 38. Qc4 Ba3 39. Bb3 Kh8 40. Qxf7 1-0


[Site "https://www.chess.com"]

[Event "Titled Tuesday Blitz July 18 Late 2023"]
[White "Piekarski, Atila Balzer"]
[Black "Rottenwohrer Suarez, Juan"]
[WhiteFideId "2119552"]
[BlackFideId "32068182"]
[WhiteElo "2065"]
[BlackElo "2510"]
[Result "0-1"]
[Round "6"]
[TimeControl "180+2"]
[Date "2023.07.18"]
[WhiteClock "0:01:51"]
[BlackClock "0:02:18"]
[Board "131"]

1. d4 d5 2. c4 e6 3. Nc3 Nf6 4. Bg5 Bb4 5. e3 O-O 6. Qc2 h6 7. Bh4 c5 8. Nf3 cxd4 9. exd4 Nc6 10. cxd5 exd5 11. Be2 g5 12. Bg3 g4 13. Ne5 Nxd4 14. Qd3 Nxe2 15. Kxe2 Re8 16. Rhd1 Bd6 17. Nxd5 Bxe5 18. Kf1 Qxd5 19. Qxd5 Nxd5 0-1


[Site "https://www.chess.com"]

[Event "Titled Tuesday Blitz July 18 Late 2023"]
[White "Tomaszewski, Kacper"]
[Black "kripri"]
[WhiteFideId "1127373"]
[WhiteElo "2461"]
[BlackElo "2322"]
[Result "1-0"]
[Round "6"]
[TimeControl "180+2"]
[Date "2023.07.18"]
[WhiteClock "0:00:40"]
[BlackClock "0:00:07"]
[Board "132"]

1. d4 d5 2. Bf4 Nf6 3. e3 e6 4. Nd2 Bd6 5. Bg3 O-O 6. Bd3 c5 7. c3 Qc7 8. Ngf3 Nbd7 9. Qe2 e5 10. dxe5 Nxe5 11. Nxe5 Bxe5 12. Nf3 Bd6 13. O-O-O Bg4 14. Kb1 Rad8 15. Bh4 Be7 16. h3 Bh5 17. g4 Bg6 18. Bg3 Bd6 19. Bh4 Be7 20. Bf5 Ne4 21. Bxe7 Qxe7 22. h4 Qf6 23. Rdg1 Bxf5 24. gxf5 Qxf5 25. Ka1 Rfe8 26. Rh2 Re6 27. h5 Rf6 28. Nh4 Qe5 29. f4 Qe6 30. Rhg2 g6 31. f5 Qe5 32. hxg6 hxg6 33. fxg6 Rf8 34. Qb5 Qe6 35. gxf7+ Kxf7 36. Rg7# 1-0


[Site "https://www.chess.com"]

[Event "Titled Tuesday Blitz July 18 Late 2023"]
[White "KorolDimitriy75"]
[Black "kiwibobo"]
[WhiteElo "2406"]
[BlackElo "2316"]
[Result "1-0"]
[Round "6"]
[TimeControl "180+2"]
[Date "2023.07.18"]
[WhiteClock "0:00:09"]
[BlackClock "0:01:11"]
[Board "133"]

1. d4 Nf6 2. c4 g6 3. Nc3 d5 4. cxd5 Nxd5 5. e4 Nxc3 6. bxc3 Bg7 7. Nf3 c5 8. Rb1 O-O 9. Be2 Nc6 10. d5 Ne5 11. Nxe5 Bxe5 12. Qd2 e6 13. f4 Bc7 14. O-O exd5 15. exd5 Ba5 16. d6 Bf5 17. Rxb7 Qf6 18. Bb2 Rfb8 19. Rxb8+ Rxb8 20. Ba1 Rd8 21. Rd1 Qe6 22. Bf3 Bg4 23. Bxg4 Qxg4 24. Qd5 Qxf4 25. Rf1 Qe3+ 26. Kh1 Qe6 27. Qxc5 Bb6 28. Qg5 Qxd6 29. c4 Qd3 30. Qf6 Rd4 31. Qxf7+ Kh8 32. Qf8# 1-0


[Site "https://www.chess.com"]

[Event "Titled Tuesday Blitz July 18 Late 2023"]
[White "Cruz, William Ferreira Da"]
[Black "Al Mukhaini, Shima"]
[WhiteFideId "2118050"]
[BlackFideId "22005854"]
[WhiteElo "2306"]
[BlackElo "2399"]
[Result "1/2-1/2"]
[Round "6"]
[TimeControl "180+2"]
[Date "2023.07.18"]
[WhiteClock "0:00:29"]
[BlackClock "0:00:32"]
[Board "134"]

1. d4 Nf6 2. c4 c5 3. d5 b5 4. cxb5 a6 5. bxa6 Bxa6 6. Nc3 d6 7. e4 Bxf1 8. Kxf1 Nbd7 9. g3 g6 10. Nf3 Bg7 11. Kg2 O-O 12. a4 Qa5 13. Qe2 Rfb8 14. Nd2 Ne8 15. Nc4 Qa6 16. Bd2 Nb6 17. Nxb6 Qxe2 18. Nxe2 Rxb6 19. Bc3 Rba6 20. Bxg7 Kxg7 21. b3 Nc7 22. Nc3 Rb6 23. Ra3 e6 24. dxe6 fxe6 25. a5 Rba6 26. Rha1 d5 27. exd5 exd5 28. f4 Rb8 29. Rd1 d4 30. Ne4 Rb5 31. Rda1 Nd5 32. Nd2 Nc3 33. Nc4 Rb7 34. Re1 Rd7 35. Re5 d3 36. Nd2 Rd5 37. Rxd5 Nxd5 38. Kf3 Nb4 39. Ne4 Re6 40. Nxc5 Re1 41. Nxd3 Nxd3 42. a6 Re8 43. a7 Ra8 44. Ra5 Nb4 45. Rb5 Nc6 46. Rb7+ Kh6 47. g4 Rxa7 48. Rxa7 Nxa7 49. Ke4 Kg7 50. Ke5 Kf7 51. Kd6 Nb5+ 52. Kc5 Na3 53. b4 Ke6 54. b5 Nxb5 55. Kxb5 Kd5 56. f5 gxf5 57. gxf5 h5 58. f6 Ke6 59. Kc5 Kxf6 60. Kd4 Kf5 61. Ke3 Kg4 62. Kf2 Kh3 63. Kg1 Kg4 64. Kg2 Kf4 65. Kh3 Kg5 66. Kg3 Kf5 67. Kh4 Kg6 68. h3 Kh6 69. Kg3 Kg6 70. h4 Kh6 71. Kf4 Kg6 72. Ke4 Kf7 73. Kf4 Kg6 74. Ke4 Kf6 75. Kf4 Kg6 1/2-1/2


[Site "https://www.chess.com"]

[Event "Titled Tuesday Blitz July 18 Late 2023"]
[White "Mikhalsky, Vladimir"]
[Black "Vaglio Munoz, Jaime"]
[WhiteFideId "14144352"]
[BlackFideId "6500145"]
[WhiteElo "2396"]
[BlackElo "2286"]
[Result "1-0"]
[Round "6"]
[TimeControl "180+2"]
[Date "2023.07.18"]
[WhiteClock "0:00:40"]
[BlackClock "0:00:00"]
[Board "135"]

1. d4 c6 2. e4 b5 3. c4 bxc4 4. Bxc4 d5 5. Bb3 Nf6 6. e5 Ng8 7. Nc3 Bf5 8. g4 Bd7 9. f4 h5 10. f5 hxg4 11. e6 fxe6 12. Qxg4 Qb6 13. fxe6 Bc8 14. Na4 Qb4+ 15. Bd2 Qd6 16. Nc5 Nf6 17. Qg6+ Kd8 18. Ba5+ Qc7 19. Bxc7+ Kxc7 20. Nf3 Na6 21. Qg3+ Kb6 22. Ng5 Nxc5 23. dxc5+ Kxc5 24. Qe3+ Kd6 25. Nf7+ Kc7 26. Nxh8 Ne4 27. Bc2 Nd6 28. Nf7 Nc4 29. Qg3+ Kb6 30. Bf5 g6 31. Qxg6 Ba6 32. O-O Rb8 33. a4 Kb7 34. b4 Ka8 35. b5 Bb7 36. Bd3 Ne3 37. a5 cxb5 38. a6 Bc6 39. Ne5 Be8 40. Rxf8 Bxg6 41. Nxg6 1-0


[Site "https://www.chess.com"]